 Dungeon Crawl Stone Soup version 0.30-a0-782-ge64f9170bb (webtiles) character file.

Game seed: 3712984742633549393

2521 Jane the Grappler (level 9, -2/72 HPs)
             Began as a Ghoul Gladiator on Feb 27, 2023.
             Was an Elder of Lugonu.
             Slain by a killer bee (3 damage)
             ... on level 7 of the Dungeon.
             The game lasted 00:52:26 (8953 turns).

Jane the Grappler (Ghoul Gladiator)                 Turns: 8953, Time: 00:52:27

Health: -2/72      AC: 10    Str: 33 (34) XL:     9   Next: 54%
Magic:  8/8        EV: 11    Int:  2 (3)  God:    Lugonu [****..]
Gold:   506        SH:  7    Dex:  8 (10) Spells: 8/8 levels left

rFire   . . .      SeeInvis .      - Unarmed
rCold   + + .      Faith    .    e - +0 kite shield
rNeg    + + +      Spirit   .    j - +3 leather armour {rC+}
rPois   ∞          Reflect  .    b - +0 helmet
rElec   .          Harm     .    r - +1 cloak {rPois}
rCorr   .          Rampage  .    (no gloves)
Will    .....                    m - +0 pair of boots
Stlth   +                        v - amulet of the acrobat
HPRegen 0.00/turn                p - +6 ring of strength
MPRegen 0.11/turn                l - +6 ring of strength

@: inhibited regen
A: claws 1, cold resistance 1, negative energy resistance 3, inhibited
regeneration, torment resistance 2, devour on kill
a: Renounce Religion, Depart the Abyss, Banish, Corrupt


You were on level 7 of the Dungeon.
You worshipped Lugonu.
Lugonu was greatly pleased with you.
You visited 2 branches of the dungeon, and saw 9 of its levels.

You collected 506 gold pieces.

Inventory:

Armour
 b - a +0 helmet (worn)
 e - a +0 kite shield (worn)
 j - a +3 leather armour of cold resistance (worn)
 m - a +0 pair of boots (worn)
 r - a +1 cloak of poison resistance (worn)
Magical Staves
 w - a staff of cold
Jewellery
 g - a ring of see invisible
 l - a +6 ring of strength (right claw)
 p - a +6 ring of strength (left claw)
 v - an amulet of the acrobat (around neck)
Scrolls
 a - 2 scrolls of enchant armour
 d - a scroll of brand weapon
 f - 2 scrolls of amnesia
 h - a scroll of silence
 i - a scroll of magic mapping
 n - 2 scrolls of vulnerability
 x - 2 scrolls of noise
 z - 2 scrolls of identify (quivered)
Potions
 c - a potion of attraction
 o - 2 potions of mutation
 q - a potion of cancellation
 t - 2 potions of flight
 B - a potion of degeneration
Miscellaneous
 s - a phantom mirror


   Skills:
 + Level 4.3 Fighting
 - Level 1.7 Throwing
 - Level 3.4 Armour
 + Level 5.7 Dodging
 - Level 1.3 Stealth
 * Level 3.6 Shields
 + Level 10.3 Unarmed Combat


You had 8 spell levels left.
You didn't know any spells.
Your spell library contained the following spells:

 Spells                   Type           Power      Damage    Failure   Level
 Magic Dart               Conj           0%         1d3       91%         1
 Call Imp                 Summ           0%         N/A       97%         2
 Lesser Beckoning         Tloc           0%         N/A       97%         2
 Gell's Gravitas          Tloc           0%         N/A       100%        3
 Mephitic Cloud           Conj/Pois/Air  0%         N/A       100%        3
 Ozocubu's Armour         Ice            0%         N/A       100%        3
 Teleport Other           Tloc           0%         N/A       100%        3
 Anguish                  Hex/Necr       0%         N/A       100%        4
 Manifold Assault         Tloc           0%         N/A       100%        4
 Petrify                  Tmut/Erth      0%         N/A       100%        4
 Irradiate                Conj/Tmut      0%         3d11      100%        5
 Metabolic Englaciation   Hex/Ice        0%         N/A       100%        5
 Dispersal                Tloc           0%         N/A       100%        6
 Simulacrum               Ice/Necr       0%         N/A       100%        6
 Enfeeble                 Hex            0%         N/A       100%        7
 Disjunction              Tloc           0%         N/A       100%        8
 Sublimation of Blood     Necr           Unusable   N/A       N/A         2

Dungeon Overview and Level Annotations

Branches:
Dungeon (8/15)             Temple (1/1) D:7
   Lair: D:8-11

Altars:
Ashenzari
Cheibriados
Dithmenos
Fedhas
Gozag
Hepliaklqana
Kikubaaqudgha
Makhleb
Nemelex Xobeh
Okawaru
Qazlal
Ru
Sif Muna
Trog
Uskayaw
Vehumet
Wu Jian
Xom
Yredelemnul
Lugonu

Shops:
D:1 [   D:3 (

Annotations:
D:5 2 transporters, flt's ghost, amateur DgTm


Innate Abilities, Weirdness & Mutations

You are immune to poison.
You have sharp fingernails.
Your flesh is cold resistant. (rC+)
You are immune to negative energy. (rN+++)
You do not regenerate when monsters are visible.
You are immune to unholy pain and torment.
You thrive by killing the living.


Message History

You claw the killer bee!
You kill the killer bee!
Lugonu accepts your kill. You block the killer bee's attack.
The killer bee misses you.
You barely miss the killer bee. You block the killer bee's attack.
The killer bee closely misses you. The killer bee stings you.
* * * LOW HITPOINT WARNING * * *
The killer bee barely misses you. The killer bee completely misses you.
The killer bee stings you but does no damage.
You closely miss the killer bee. The killer bee barely misses you.
You block the killer bee's attack. x2
The killer bee stings you but does no damage.
You miss the killer bee. You block the killer bee's attack. x2
The killer bee misses you.
The killer bee stings you but does no damage.
The killer bee stings you.
* * * LOW HITPOINT WARNING * * *
The killer bee closely misses you.
It was a potion of degeneration.
There was something very wrong with that liquid.
You feel weakened.
You feel dopey.
You feel clumsy. The killer bee closely misses you.
The killer bee barely misses you. You block the killer bee's attack.
The killer bee stings you but does no damage.
You miss the killer bee. The killer bee stings you.
* * * LOW HITPOINT WARNING * * *
The killer bee closely misses you. x2; You block the killer bee's attack.
You mangle the killer bee!!
You kill the killer bee!
Lugonu accepts your kill. You block the killer bee's attack. x2
You scratch the wight.
The wight is moderately damaged.
The killer bee barely misses you.
The wight hits you with a +0 long sword.
* * * LOW HITPOINT WARNING * * *
The killer bee stings you.
You die...

###..._..._...#.#...!#########.##
##........)##.#.#....# #.......
#._..⌠.._....#...##.###.###...
#.........#..###.#.......####.
#.._..._..........#......# #.
#...._...##########.###..#####
#.................#§#.§§.#....
#####'##############.#§##§§.#y#z.
................@z....§.§§§.y..yy
#####.#########.#y.######§§.#.##.
#####.# #######.#..######§§.#.##.
......# #.....#.#...........#.##.
...#### #.###.#...###########.##.
...# #.# #...#.........†.#.##.
##.######.# #...#.#########.#....
.#........###.....# #.#####
.......#.#....###÷#### #.#


You could see a killer bee and a wight.

Vanquished Creatures
  Sigmund (D:5)
  Eustachio (D:5)
  An ice beast (D:7)
  A sky beast (D:7)
  A black bear (D:5)
  A centaur (D:5)
  A phantom (D:4)
  A kobold brigand (D:6)
  2 bullfrogs
  3 scorpions
  3 wights (D:6)
  3 killer bees (D:7)
  2 howler monkeys (D:8)
  4 orc priests
  5 hounds
  2 gnoll boudas
  5 jellies
  Crazy Yiuf (D:2)
  Jessica (D:3)
  2 iguanas
  7 orc wizards
  13 gnolls
  6 adders
  An ufetubus (D:7)
  2 worms (D:2)
  5 dart slugs
  19 orcs
  13 endoplasms
  A giant cockroach (D:3)
  12 goblins
  4 hobgoblins
  4 jackals (D:4)
  2 quokkas
  6 ball pythons
  7 bats
  2 frilled lizards
  23 kobolds
  6 rats
174 creatures vanquished.

Vanquished Creatures (others)
  A ball python (D:1)
  2 kobolds (D:8)
  A quokka (D:8)
  3 fungi (D:4)
  8 toadstools (D:4)
15 creatures vanquished.

Grand Total: 189 creatures vanquished

Notes
Turn   | Place    | Note
-------+----------+-------------------------------------------
     0 | D:1      | Jane the Ghoul Gladiator began the quest for the Orb.
     0 | D:1      | Reached XP level 1. HP: 17/17 MP: 0/0
    32 | D:1      | Reached XP level 2. HP: 17/24 MP: 1/1
    45 | D:1      | Found Hifasucw's Antique Armour Emporium.
   129 | D:1      | You fall into a shaft and drop 1 floor!
   218 | D:2      | Reached skill level 4 in Unarmed Combat
   218 | D:2      | Reached XP level 3. HP: 21/30 MP: 2/2
   623 | D:1      | Found a faded altar of an unknown god.
   629 | D:1      | Prayed at the altar of an unknown god.
   629 | D:1      | Became a worshipper of Lugonu the Unformed
   629 | D:1      | Reached * piety under Lugonu
   741 | D:1      | Reached XP level 4. HP: 35/37 MP: 3/3
  1756 | D:2      | Found a runed translucent door.
  1757 | D:2      | Noticed Crazy Yiuf
  1767 | D:2      | Killed Crazy Yiuf
  1768 | D:2      | Reached skill level 1 in Armour
  2061 | D:3      | Found Nevvayll's Weapon Emporium.
  2109 | D:3      | Identified the +5 sling "Risux" {drain, rF- rC++ rCorr
                  | Dex+2}
  2216 | D:3      | Reached XP level 5. HP: 44/44 MP: 4/4
  2231 | D:3      | Reached ** piety under Lugonu
  2294 | D:3      | Reached skill level 5 in Unarmed Combat
  2426 | D:3      | Noticed Jessica
  2441 | D:3      | Killed Jessica
  2442 | D:3      | Reached XP level 6. HP: 51/51 MP: 5/5
  3223 | D:4      | Reached skill level 6 in Unarmed Combat
  3599 | D:5      | Entered Level 5 of the Dungeon
  3613 | D:5      | Found a transporter.
  3784 | D:5      | Reached XP level 7. HP: 57/57 MP: 6/6
  3796 | D:5      | Reached *** piety under Lugonu
  3905 | D:5      | Found a transporter.
  3909 | D:5      | Noticed flt's ghost (amateur DgTm)
  4031 | D:5      | Noticed Sigmund
  4032 | D:5      | Noticed Eustachio
  4045 | D:5      | Killed Sigmund
  4046 | D:5      | Reached skill level 7 in Unarmed Combat
  4282 | D:5      | Reached skill level 1 in Stealth
  4321 | D:5      | Killed Eustachio
  4322 | D:5      | Reached XP level 8. HP: 44/63 MP: 7/7
  4790 | D:5      | Reached skill level 8 in Unarmed Combat
  5716 | D:6      | Reached skill level 5 in Dodging
  5795 | D:6      | Reached skill level 1 in Shields
  5800 | D:6      | Reached skill level 9 in Unarmed Combat
  5877 | D:6      | Reached XP level 9. HP: 64/71 MP: 8/8
  5882 | D:6      | Reached **** piety under Lugonu
  7151 | D:7      | Found a hazy altar of Hepliaklqana.
  7153 | D:7      | Found a shimmering altar of Xom.
  7153 | D:7      | Found a broken altar of Ashenzari.
  7153 | D:7      | Found an iron altar of Okawaru.
  7159 | D:7      | Found a snail-covered altar of Cheibriados.
  7159 | D:7      | Found a blossoming altar of Fedhas.
  7159 | D:7      | Found a shadowy altar of Dithmenos.
  7560 | D:7      | Reached skill level 10 in Unarmed Combat
  7716 | D:7      | Found a staircase to the Ecumenical Temple.
  7937 | Temple   | Entered the Ecumenical Temple
  8951 | D:7      | HP: 2/72 [killer bee (5)]
  8953 | D:7      | Slain by a killer bee

Illustrated notes

Levels and vault maps discovered:
D:1:      roderic_chinese_lattice_arrival, layout_basic,
          shapermc_ecumenical_altar_venn, serial_shops, nicolae_shop_crystal,
          kennysheep_pointless_box
D:2:      layout_basic, uniq_crazy_yiuf_cottage
D:3:      layout_rooms, serial_shops, shop_statue, uniq_jessica
D:4:      cheibrodos_fertilizer, layout_loops_cross, minmay_misc_feat_room
D:5:      layout_basic, gammafunk_ghost_mausoleum,
          chequers_serial_rivers_room_a, nrook_campfire, uniq_eustachio,
          uniq_sigmund
D:6:      layout_rooms, nicolae_water_bricks
D:7:      layout_basic, grunt_temple_overflow_open,
          minmay_temple_entry_enclosed_plants
D:8:      layout_layer_cave, elyvilon_altar_4, dk_rats_in_the_wall
Temple:   nicolae_temple_figure_eight

Skill      XL: |  1  2  3  4  5  6  7  8  9 |
---------------+----------------------------+-----
Dodging        | 3 4 5 |  5.7
Unarmed Combat | 4 5 6 7 9 10 | 10.3
Armour         | 1 2 3 |  3.4
Fighting       | 3 4 |  4.3
Stealth        | 1 |  1.3
Shields        | 1 3 |  3.6
Throwing       | |  1.7

Action                     |  1- 3 |  4- 6 |  7- 9 || total
---------------------------+-------+-------+-------++-------
  Melee: Unarmed           |    90 |   177 |   316 ||   583
         Punch             |     3 |     5 |     8 ||    16
    Use: Potion            |       |     7 |     6 ||    13
         Scroll            |       |     9 |    13 ||    22
 Armour: Leather armour    |    28 |    43 |   146 ||   217
  Dodge: Dodged            |    65 |   105 |   287 ||   457
  Block: Kite shield       |       |       |    99 ||    99

Table legend: (Time is in decaauts)
 A = Elapsed time spent in this place.
 B = Non-inter-level travel time spent in this place.
 C = Inter-level travel time spent in this place.
 D = Time resting spent in this place.
 E = Time spent auto-exploring this place.
 F = Levels seen in this place.
 G = Mean time per level.
                   A        B        C        D        E       F      G
               +--------+--------+--------+--------+--------+-----+--------+
         Total |   8884 |   7932 |    952 |   1746 |   2597 |   9 |  987.1 |
       Dungeon |   8231 |   7772 |    459 |   1746 |   2597 |   8 | 1028.9 |
        Temple |    652 |    159 |    493 |      0 |      0 |   1 |  652.0 |
               +--------+--------+--------+--------+--------+-----+--------+

Top non-repeatable levels by time:
     D:5: 1710 daAuts
     D:7: 1635 daAuts
     D:2: 1216 daAuts
     D:6: 1022 daAuts
     D:4: 987 daAuts
     D:1: 832 daAuts
  Temple: 652 daAuts
     D:3: 535 daAuts
     D:8: 292 daAuts
